 Dungeon Crawl Stone Soup version 0.18.1-6-gd335043 (webtiles) character file.

38191 dwasdwasdwas the Protected (level 13, -3/125 HPs)
             Began as a Minotaur Fighter on May 16, 2016.
             Was a High Priest of the Shining One.
             Slain by an ettin
             ... wielding a +0 dire flail
              (25 damage)
             ... on level 1 of the Depths.
             The game lasted 00:40:00 (16475 turns).

dwasdwasdwas the Protected (Minotaur Fighter)      Turns: 16475, Time: 00:40:01

Health: -3/125     AC: 25    Str: 33    XL:     13   Next: 62%
Magic:  12/12      EV: 16    Int:  5    God:    the Shining One [*****.]
Gold:   1136       SH:  0    Dex: 13    Spells: 0 memorised, 12 levels left

rFire  + . .     SeeInvis +     d - +5 bardiche "Newtbane" {chop, rC+ MR- Str+6}
rCold  + + +     Gourm    .     e - +1 plate armour
rNeg   + + .     Faith    .     (shield currently unavailable)
rPois  +         Spirit   .     (helmet restricted)
rElec  +         Dismiss  +     s - +2 cloak
rCorr  +         Reflect  .     p - +0 pair of gloves
SustAt .         Harm     .     J - +0 pair of boots
MR     +....                    C - amulet of dismissal
Stlth  ..........               X - ring "Efar" {rPois MR+ Slay+6 SInv}
                                n - ring of protection from cold

@: resistant, glowing, somewhat resistant to hostile enchantments, extremely
unstealthy
A: retaliatory headbutt, horns 2, repulsion field 1, icy blue scales 1, rugged
brown scales 1, agile 1, cold resistance 1, magic resistance 1, strong 1,
evolution 1
a: Divine Shield, Cleansing Flame, Summon Divine Warrior, Renounce Religion


You were on level 1 of the Depths.
You worshipped the Shining One.
The Shining One was extremely pleased with you.
You were completely stuffed.

You visited 2 branches of the dungeon, and saw 16 of its levels.

You collected 1622 gold pieces.
You spent 486 gold pieces at shops.

Inventory:

Hand Weapons
 a - a +6 trident
 d - the +5 bardiche "Newtbane" (weapon) {chop, rC+ MR- Str+6}
   (You acquired it on level 15 of the Dungeon)

   It inflicts extra damage upon your enemies.
   It affects your strength (+6).
   It protects you from cold.
   It affects your resistance to hostile enchantments.
Armour
 c - a +0 shield
 e - a +1 plate armour (worn)
 p - a +0 pair of gloves (worn)
 s - a +2 cloak (worn)
 J - a +0 pair of boots (worn)
Jewellery
 n - a ring of protection from cold (left hand)
 o - a +2 ring of evasion
 C - an amulet of dismissal (around neck)
 X - the ring "Efar" (right hand) {rPois MR+ Slay+6 SInv}
   (You found it on level 14 of the Dungeon)

   [ring of protection from magic]

   It affects your accuracy and damage with ranged weapons and melee attacks
   (+6).
   It protects you from poison.
   It affects your resistance to hostile enchantments.
   It lets you see invisible.
Wands
 f - a wand of digging (1/24)
 l - a wand of lightning (8/15)
 u - a wand of lightning (10/15)
 x - a wand of iceblast (10/15)
 K - a wand of enslavement (17/24)
Scrolls
 v - 2 scrolls of magic mapping
 z - 7 scrolls of remove curse
 B - a scroll of torment {unknown}
 E - 7 scrolls of fog {unknown}
 I - 4 scrolls of identify
 O - 3 scrolls of teleportation
 P - a scroll of amnesia {unknown}
Potions
 i - 3 potions of flight
 D - a potion of magic
 H - 4 potions of degeneration {unknown}
 N - 2 potions of cure mutation {unknown}
 R - a potion of brilliance
 U - 4 potions of cancellation
 Z - a potion of ambrosia {unknown}
Books
 g - a book of Transfigurations

   Spells                             Type                      Level
   a - Irradiate                      Conjuration/Transmutation    5
   b - Statue Form                    Transmutation/Earth          6
   c - Hydra Form                     Transmutation                6
   d - Dragon Form                    Transmutation                7
 j - a book of Flames

   Spells                             Type                      Level
   a - Flame Tongue                   Conjuration/Fire             1
   b - Throw Flame                    Conjuration/Fire             2
   c - Conjure Flame                  Conjuration/Fire             3
   d - Inner Flame                    Hexes/Fire                   3
   e - Sticky Flame                   Conjuration/Fire             4
   f - Fireball                       Conjuration/Fire             5
 F - a book of Changes

   Spells                             Type                      Level
   a - Beastly Appendage              Transmutation                1
   b - Sticks to Snakes               Transmutation                2
   c - Spider Form                    Transmutation/Poison         3
   d - Ice Form                       Ice/Transmutation            4
   e - Blade Hands                    Transmutation                5
 G - a book of Beasts

   Spells                             Type                      Level
   a - Summon Butterflies             Summoning                    1
   b - Call Canine Familiar           Summoning                    3
   c - Summon Ice Beast               Ice/Summoning                4
   d - Summon Mana Viper              Hexes/Summoning              5
   e - Summon Hydra                   Summoning                    7
Comestibles
 h - 3 meat rations
 k - 5 beef jerkies
 m - 3 royal jellies
 q - 7 bread rations
 r - 3 fruits
 t - a slice of pizza


   Skills:
 + Level 13.0 Fighting
 + Level 12.8 Polearms
 + Level 13.3 Armour
 + Level 11.7 Dodging
 - Level 12.2 Shields


You had 12 spell levels left.
You didn't know any spells.

Dungeon Overview and Level Annotations

Branches:
Dungeon (15/15)            Temple (0/1) D:6            Lair (0/8) D:10
    Orc (0/2) D:12         Vaults (0/5) D:14         Depths (1/5) D:15

Altars:
Ashenzari
Dithmenos
Elyvilon
Fedhas
Nemelex Xobeh
Okawaru
Pakellas
Ru
Sif Muna
Xom
The Shining One
Beogh

Shops:
D:10 ?

Portals:
Hell: Depths:1

Annotations:
D:8 Lovchig's ghost, novice DDFi


Innate Abilities, Weirdness & Mutations

You reflexively headbutt those who attack you in melee.
You have a pair of horns on your head.
You are surrounded by a mild repulsion field (EV +2).
You are partially covered in icy blue scales (AC +1).
You are partially covered in rugged brown scales (AC +1, +3% HP).
You are agile. (Dex +2)
Your flesh is cold resistant.
You are resistant to hostile enchantments.
Your muscles are strong. (Str +2)
You evolve.


Message History

The very large slime creature is heavily wounded.
The very large slime creature hits you!!!
Your amulet of dismissal vibrates suddenly!
The very large slime creature disappears!
You slice the ettin!! You headbutt the ettin!
The ettin is severely wounded.
The ettin hits you but does no damage.
The ettin hits you with a dire flail!! x2
* * * LOW HITPOINT WARNING * * *
The ettin hits you with a dire flail!!
* * * LOW HITPOINT WARNING * * *
Drink which item? (? for menu, Esc to quit)
You feel better.
Drink which item? (? for menu, Esc to quit)
You feel better. The ettin hits you with a dire flail!
* * * LOW HITPOINT WARNING * * *
The ettin hits you but does no damage.
Drink which item? (? for menu, Esc to quit)
You feel protected. The ettin hits you with a dire flail!!
You die...

## ....... .## .......
..# ....... #.####
....... #....# .......
####.# .......
#.#############†......
#............@C......>
###############.......
#####.# # # # # #


You could see an ettin.

Vanquished Creatures
  A lich (Depths:1)
  Roxanne (D:15)
  Maud (D:11)
  A fire dragon (D:15)
  Josephine (D:10)
  An ice dragon (D:15)
  Erolcha (D:8)
  An entropy weaver (Depths:1)
  2 dancing weapons (D:14)
  2 centaur warriors
  A tengu warrior (D:15)
  2 unseen horrors
  A wizard (D:15)
  3 skeletal warriors (D:12)
  3 hill giants
  The ghost of MTVSty1e the Covered, a novice MiFi (D:5)
  A lindwurm (shapeshifter) (D:14)
  2 deep elf magi
  7 ugly things
  2 cyclopes
  A torpor snail (shapeshifter) (D:9)
  3 efreet (D:14)
  2 freezing wraiths
  4 trolls
  3 two-headed ogres
  A spriggan (D:8)
  8 yaks
  2 shadows
  A tarantella (Depths:1)
  Eustachio (D:4)
  5 wraiths
  4 hippogriffs
  A basilisk (D:8)
  A golden eye (shapeshifter) (D:9)
  4 vampire mosquitoes (D:15)
  A steam dragon (D:10)
  A water moccasin (D:9)
  An ice beast (D:9)
  2 hell hounds (D:10)
  4 orc warriors
  2 black bears
  7 ogres
  4 phantoms
  7 sky beasts
  A wasp (D:11)
  An eye of draining (D:10)
  9 centaurs
  3 crocodiles
  3 big kobolds
  13 giant frogs
  A wyvern skeleton (D:9)
  5 scorpions
  A water moccasin skeleton (D:4)
  7 killer bees
  13 wights
  3 howler monkeys
  4 centaur zombies
  4 crimson imps
  A giant frog zombie (D:8)
  5 centaur skeletons
  7 jellies
  4 giant frog skeletons
  6 orc priests
  12 hounds
  16 orc wizards
  2 iguanas
  7 worker ants
  4 hound skeletons
  A howler monkey zombie (D:6)
  Robin (D:2)
  3 gnolls (D:6)
  16 adders
  4 shadow imps
  2 oozes
  An adder skeleton (D:4)
  5 worms
  4 dart slugs
  5 giant geckos
  40 orcs
  6 bats
  6 giant cockroaches
  4 hobgoblins (D:2)
  2 jackals (D:1)
  3 quokkas
  A giant gecko skeleton (D:4)
  A giant gecko zombie (D:6)
  6 giant newts
  13 goblins
  2 jackal skeletons (D:5)
  23 kobolds
  3 quokka skeletons (D:5)
  13 rats
402 creatures vanquished.

Vanquished Creatures (others)
  A kobold (D:8)
1 creature vanquished.

Grand Total: 403 creatures vanquished

Notes
Turn   | Place    | Note
--------------------------------------------------------------
     0 | D:1      | dwasdwasdwas the Minotaur Fighter began the quest for the Orb.
     0 | D:1      | Reached XP level 1. HP: 19/19 MP: 0/0
   213 | D:1      | Reached XP level 2. HP: 26/26 MP: 1/1
   229 | D:1      | Reached skill level 1 in Dodging
   777 | D:2      | Reached XP level 3. HP: 32/33 MP: 2/2
   923 | D:2      | Found a glowing golden altar of the Shining One.
   939 | D:2      | Became a worshipper of the Shining One
  1091 | D:2      | Found a blossoming altar of Fedhas.
  1099 | D:2      | Found a shattered altar of Ashenzari.
  1162 | D:2      | Reached XP level 4. HP: 32/40 MP: 3/3
  1223 | D:2      | Noticed Robin
  1240 | D:2      | Killed Robin
  2219 | D:3      | Found a deep blue altar of Sif Muna.
  2239 | D:3      | Reached XP level 5. HP: 46/46 MP: 4/4
  2505 | D:4      | Reached skill level 5 in Armour
  2646 | D:4      | Reached XP level 6. HP: 53/53 MP: 5/5
  2843 | D:4      | Reached * piety under the Shining One
  2849 | D:4      | Reached skill level 5 in Shields
  2965 | D:4      | Reached skill level 5 in Fighting
  3236 | D:4      | Reached XP level 7. HP: 47/61 MP: 6/6
  3419 | D:4      | Noticed Eustachio
  3435 | D:4      | Killed Eustachio
  3479 | D:5      | Entered Level 5 of the Dungeon
  3492 | D:5      | Reached skill level 5 in Polearms
  3553 | D:5      | Noticed MTVSty1e's ghost (novice MiFi)
  3761 | D:5      | Reached XP level 8. HP: 46/70 MP: 7/7
  3803 | D:5      | Found an iron altar of Okawaru.
  3918 | D:5      | Gained mutation: Potions and wands are less effective at restoring your health. [mutagenic meat]
  3919 | D:5      | Gained mutation: You evolve. [mutagenic meat]
  3920 | D:5      | Gained mutation: You are surrounded by a mild repulsion field (EV +2). [mutagenic meat]
  3921 | D:5      | Gained mutation: Your magical capacity is low (-10% MP). [mutagenic meat]
  3922 | D:5      | Lost mutation: Potions and wands are less effective at restoring your health. [mutagenic meat]
  3923 | D:5      | Gained mutation: You have a pair of large horns on your head. [mutagenic meat]
  4005 | D:5      | Killed MTVSty1e's ghost
  4005 | D:5      | Reached skill level 5 in Dodging
  4008 | D:5      | Lost mutation: Your magical capacity is low (-10% MP). [evolution]
  4012 | D:5      | HP: 1/73 [centaur (5)]
  4400 | D:5      | Reached ** piety under the Shining One
  4588 | D:6      | Found a staircase to the Ecumenical Temple.
  4629 | D:6      | Reached XP level 9. HP: 78/79 MP: 8/8
  4855 | D:6      | Gained mutation: You are agile. (Dex +2) [mutagenic meat]
  4856 | D:6      | Gained mutation: You are very agile. (Dex +4) [mutagenic meat]
  4858 | D:6      | Gained mutation: You are partially covered in icy blue scales (AC +1). [mutagenic meat]
  4859 | D:6      | Gained mutation: Your muscles are strong. (Str +2) [mutagenic meat]
  5571 | D:7      | Found a shimmering altar of Xom.
  5818 | D:8      | Lost mutation: You have a pair of large horns on your head. [mutagenic meat]
  5819 | D:8      | Lost mutation: You are very agile. (Dex +4) [mutagenic meat]
  5820 | D:8      | Gained mutation: You expend magic power (3 MP) to strengthen your wands. [mutagenic meat]
  5823 | D:8      | Lost mutation: You are surrounded by a mild repulsion field (EV +2). [mutagenic meat]
  5877 | D:8      | Reached *** piety under the Shining One
  5960 | D:8      | Noticed a hill giant
  5969 | D:8      | Killed a hill giant
  5969 | D:8      | Reached XP level 10. HP: 81/90 MP: 9/9
  6175 | D:8      | Noticed Erolcha
  6229 | D:8      | Killed Erolcha
  6339 | D:8      | Noticed Lovchig's ghost (novice DDFi)
  7264 | D:8      | Found a sacrificial altar of Ru.
  9052 | D:9      | Found a sparkling altar of Nemelex Xobeh.
  9069 | D:9      | Gained mutation: You are resistant to hostile enchantments. [mutagenic meat]
  9070 | D:9      | Gained mutation: You are surrounded by a mild repulsion field (EV +2). [mutagenic meat]
  9071 | D:9      | Gained mutation: You are partially covered in rugged brown scales (AC +1, +3% HP). [mutagenic meat]
  9108 | D:9      | Found an oddly glowing altar of Pakellas.
  9248 | D:9      | Reached skill level 10 in Armour
  9323 | D:9      | Found a glowing golden altar of the Shining One.
  9651 | D:10     | Entered Level 10 of the Dungeon
  9651 | D:10     | Noticed Josephine
  9734 | D:9      | Reached XP level 11. HP: 89/101 MP: 10/10
  9789 | D:10     | Killed Josephine
  9806 | D:10     | Noticed a deep elf mage
  9827 | D:9      | Reached skill level 10 in Shields
  9938 | D:9      | Reached skill level 10 in Fighting
  9978 | D:10     | Noticed a swamp dragon
 10508 | D:10     | Found a staircase to the Lair.
 10536 | D:10     | Killed a deep elf mage
 10549 | D:9      | Reached **** piety under the Shining One
 10646 | D:10     | Reached skill level 10 in Polearms
 10651 | D:10     | Noticed a white ugly thing
 11000 | D:10     | You fall through a shaft!
 11007 | D:11     | Noticed a hill giant
 11015 | D:11     | Killed a hill giant
 11155 | D:11     | Noticed Maud
 11184 | D:11     | Killed Maud
 11796 | D:10     | Killed a white ugly thing
 12148 | D:10     | Found Noyph's Magic Scroll Shoppe.
 12151 | D:10     | Bought a scroll of enchant weapon for 97 gold pieces
 12151 | D:10     | Bought a scroll of teleportation for 39 gold pieces
 12151 | D:10     | Bought a scroll of summoning for 123 gold pieces
 12151 | D:10     | Bought a scroll of teleportation for 39 gold pieces
 12151 | D:10     | Bought a scroll of remove curse for 39 gold pieces
 12151 | D:10     | Bought a scroll of identify for 26 gold pieces
 12151 | D:10     | Bought a scroll of identify for 26 gold pieces
 12151 | D:10     | Bought a scroll of enchant weapon for 97 gold pieces
 12660 | D:12     | Reached XP level 12. HP: 111/111 MP: 11/11
 12704 | D:12     | Found a staircase to the Orcish Mines.
 12711 | D:12     | Found a roughly hewn altar of Beogh.
 12950 | D:12     | Reached skill level 10 in Dodging
 13087 | D:12     | Reached ***** piety under the Shining One
 13842 | D:13     | Noticed a centaur warrior
 13853 | D:13     | Killed a centaur warrior
 13900 | D:13     | Gained mutation: Your flesh is cold resistant. [evolution]
 14535 | D:14     | Found a shadowy altar of Dithmenos.
 14638 | D:14     | Noticed a centaur warrior
 14676 | D:14     | Lost mutation: You expend magic power (3 MP) to strengthen your wands. [evolution]
 14865 | D:14     | Found a white marble altar of Elyvilon.
 14890 | D:14     | Found a gate to the Vaults.
 14909 | D:14     | Got a translucent silver ring
 14910 | D:14     | Identified the ring "Efar" {rPois MR+ Slay+6 SInv} (You found it on level 14 of the Dungeon)
 15057 | D:14     | Killed a centaur warrior
 15057 | D:14     | Reached XP level 13. HP: 103/121 MP: 12/12
 15227 | D:15     | Entered Level 15 of the Dungeon
 15432 | D:15     | Identified a scroll of acquirement
 15435 | D:15     | Got a faintly glowing bardiche
 15436 | D:15     | Identified the +5 bardiche "Newtbane" {chop, rC+ MR- Str+6} (You acquired it on level 15 of the Dungeon)
 15528 | D:15     | Noticed a fire dragon
 15560 | D:15     | Killed a fire dragon
 15630 | D:15     | Found a staircase to the Depths.
 15845 | D:15     | Noticed Roxanne
 16270 | D:15     | Killed Roxanne
 16347 | Depths:1 | Entered Level 1 of the Depths
 16362 | Depths:1 | Found a gateway to Hell.
 16377 | Depths:1 | Noticed a lich
 16384 | Depths:1 | Killed a lich
 16467 | Depths:1 | Noticed an ettin
 16475 | Depths:1 | Slain by an ettin

Skill      XL: |  1  2  3  4  5  6  7  8  9 10 11 12 13 |
---------------+----------------------------------------+-----
Dodging        | 1 2 3 4 5 7 8 9 10 11 | 11.7
Shields        | 4 5 6 7 8 9 10 12 | 12.2
Fighting       | 4 5 6 7 8 9 10 12 13 | 13.0
Armour         | 4 5 6 7 9 10 11 12 13 | 13.3
Polearms       | 3 4 5 6 8 9 10 11 12 | 12.8

Action                   |  1- 3 |  4- 6 |  7- 9 | 10-12 | 13-15 || total
-------------------------+-------+-------+-------+-------+-------++-------
Melee: Trident           |   100 |   154 |   300 |   946 |    23 ||  1523
       Headbutt          |    13 |    25 |    59 |   217 |    22 ||   336
       Bardiche          |       |       |       |       |    64 ||    64
Invok: Divine Shield     |       |       |       |     3 |       ||     3
  Use: Scroll            |       |     3 |     5 |    23 |     4 ||    35
       Potion            |       |       |     4 |     8 |     8 ||    20
  Eat: Bread ration      |     2 |       |     2 |     3 |       ||     7
       Chunk             |       |       |    18 |     5 |       ||    23
       Meat ration       |       |       |       |     4 |     2 ||     6
Armor: Scale mail        |    21 |    29 |    65 |    13 |       ||   128
       Plate armour      |       |       |       |   173 |    58 ||   231
       Chain mail        |       |       |       |    23 |       ||    23
Dodge: Dodged            |    16 |    35 |   113 |   275 |    61 ||   500
Block: Shield            |    21 |    51 |   120 |   415 |     7 ||   614
